 Dungeon Crawl Stone Soup version 0.22.0-60-ga52c2fc (webtiles) character file.

463023 dvd the Executioner (level 23, -6/235 HPs)
             Began as a Deep Dwarf Necromancer on Sept 9, 2018.
             Was the Champion of Makhleb.
             Killed from afar by a frost giant (7 damage)
             ... with a bolt of cold
             ... on level 5 of the Vaults on Sept 10, 2018.
             The game lasted 05:07:43 (52702 turns).

dvd the Executioner (Deep Dwarf Necromancer)       Turns: 52702, Time: 05:07:44

Health: -6/235     AC: 33    Str: 15    XL:     23   Next: 40%
Magic:  37/39      EV: 18    Int: 18    God:    Makhleb [******]
Gold:   850        SH:  2    Dex: 24    Spells: 26/50 levels left

rFire    + . .     SeeInvis +   a - +9 battleaxe (elec)
rCold    + + .     Gourm    .   (shield currently unavailable)
rNeg     + . .     Faith    .   o - +6 scale mail "Naonurgh" {+Inv rElec SInv}
rPois    +         Spirit   .   j - +2 helmet "Kuavoz" {Dex+6}
rElec    +         Reflect  +   X - scarf {cloud immunity}
rCorr    +         Harm     .   z - +1 pair of gloves "Qot Koeg" {rF+ rCorr Dex+3 Stlth+}
MR       +++..                  x - +2 pair of boots {Stlth+}
Stlth    ++++++....             T - amulet "Gietaj" {Reflect rElec rC++ Int-3 Slay+3 SH+2}
HPRegen  0.00/turn              w - +5 ring of protection
MPRegen  0.26/turn              Q - ring of poison resistance

@: lethally poisoned (-6 -> -6), non-regenerating
A: damage resistance, heal wounds, icy blue scales 1, negative energy resistance
1, sense surroundings 3, robust 1, no regeneration
}: 2/15 runes: decaying, serpentine
a: Heal Wounds, Minor Destruction, Lesser Servant of Makhleb, Major Destruction,
Greater Servant of Makhleb, Renounce Religion, Evoke Invisibility


You were on level 5 of the Vaults.
You worshipped Makhleb.
Makhleb was exalted by your worship.
You were hungry.

You visited 9 branches of the dungeon, and saw 43 of its levels.
You visited 2 bazaars.
You also visited: Labyrinth, Ossuary, Bailey and Wizlab.

You collected 6132 gold pieces.
You spent 5282 gold pieces at shops.

Inventory:

Hand Weapons
 a - a +9 battleaxe of electrocution (weapon)
 b - a +2 battleaxe of flaming
 J - a +9 battleaxe of chaos
 R - a +6 battleaxe of chopping
Armour
 j - the +2 helmet "Kuavoz" (worn) {Dex+6}
   (You found it on level 1 of the Swamp)

   It affects your dexterity (+6).
 o - the +6 scale mail "Naonurgh" (worn) {+Inv rElec SInv}
   (You found it on level 4 of the Swamp)

   It insulates you from electricity.
   It lets you see invisible.
   It lets you turn invisible.
 s - the +2 cloak "Besunlaanod" {rPois}
   (You found it on level 3 of the Depths)

   It protects you from poison.
 x - a +2 pair of boots of stealth (worn)
 z - the +1 pair of gloves "Qot Koeg" (worn) {rF+ rCorr Dex+3 Stlth+}
   (You bought it in a shop on level 1 of the Elven Halls)

   It affects your dexterity (+3).
   It protects you from fire.
   It provides partial protection from all sources of acid and corrosion.
   It makes you more stealthy.
 X - a scarf of cloud immunity (worn)
Jewellery
 w - a +5 ring of protection (left hand)
 P - a +5 ring of intelligence
 Q - a ring of poison resistance (right hand)
 T - the amulet "Gietaj" (around neck) {Reflect rElec rC++ Int-3 Slay+3 SH+2}
   (You bought it in a shop in a bazaar)

   [amulet of reflection]

   It shields you and reflects attacks.
   It affects your intelligence (-3).
   It affects your accuracy and damage with ranged weapons and melee attacks
   (+3).
   It greatly protects you from cold.
   It insulates you from electricity.
   It affects your SH (+2).
Wands
 g - a wand of disintegration (44)
 i - a wand of clouds (6)
 n - a wand of paralysis (75)
 v - a wand of scattershot (1)
 y - a wand of random effects (26)
 B - a wand of flame (135)
 D - a wand of digging (51)
 E - a wand of polymorph (35)
 N - a wand of iceblast (31)
 V - a wand of acid (9)
Scrolls
 e - 4 scrolls of fear
 f - 4 scrolls of fog
 l - 14 scrolls of identify
 q - 15 scrolls of teleportation
 C - 2 scrolls of enchant armour
 F - 3 scrolls of magic mapping
 H - 6 scrolls of blinking
 S - 3 scrolls of remove curse
Potions
 c - a potion of heal wounds
 d - 7 potions of haste
 h - 2 potions of ambrosia
 k - a potion of might
 m - a potion of agility
 p - 8 potions of flight
 r - 4 potions of brilliance
 u - 2 potions of resistance
 A - 3 potions of cancellation
 I - 17 potions of curing
 K - 2 potions of invisibility
 L - 5 potions of berserk rage
 U - 3 potions of magic
 Y - 7 potions of mutation
Miscellaneous
 t - 4 phantom mirrors
 O - a lightning rod (4/4)
 W - a box of beasts
Comestibles
 M - 58 rations


   Skills:
 + Level 14.5 Fighting
 + Level 22.5(22.6) Axes
   Level 3.3(14.6) Maces & Flails
 + Level 16.6 Armour
 + Level 10.5 Dodging
 + Level 11.2 Stealth
 + Level 14.3 Spellcasting
 * Level 13.4 Charms
 + Level 17.3 Necromancy
 + Level 4.7 Translocations
 * Level 5.3 Air Magic
 + Level 5.6 Earth Magic
 + Level 10.7 Invocations
 + Level 5.9 Evocations


You had 26 spell levels left.
You knew the following spells:

 Your Spells              Type           Power        Failure   Level  Hunger
a - Borgnjor's Vile Clut  Necr/Erth      ######....   3%          5    ####...
b - Vampiric Draining     Necr           ######....   1%          3    None
c - Animate Dead          Necr           N/A          1%          4    None
d - Blink                 Tloc           N/A          2%          2    None
e - Shroud of Golubria    Chrm/Tloc      #####.....   1%          2    None
f - Song of Slaying       Chrm           ######..     1%          2    None
g - Deflect Missiles      Chrm/Air       #####.....   38%         6    #####..

Your spell library contained the following spells:

 Spells                   Type           Power        Failure   Level  Hunger
 Animate Skeleton         Necr           N/A          0%          1    None
 Pain                     Necr           ####         0%          1    None
 Infusion                 Chrm           ####         1%          1    None
 Swiftness                Chrm/Air       #####...     1%          2    None
 Spectral Weapon          Hex/Chrm       #####...     2%          3    None
 Shock                    Conj/Air       ###.         4%          1    None
 Gell's Gravitas          Tloc           ####......   5%          3    None
 Lesser Beckoning         Tloc           ####......   5%          3    None
 Teleport Other           Tloc           ####....     5%          3    None
 Passwall                 Tmut/Erth      ###.....     6%          2    None
 Poisonous Vapours        Pois/Air       ###...       6%          2    None
 Beastly Appendage        Tmut           ##....       13%         1    None
 Confusing Touch          Hex            ##....       13%         1    None
 Corona                   Hex            ##.....      13%         1    None
 Magic Dart               Conj           ##..         13%         1    None
 Summon Butterflies       Summ           ##......     13%         1    None
 Summon Small Mammal      Summ           ##..         13%         1    None
 Static Discharge         Conj/Air       ###.....     13%         3    None
 Portal Projectile        Hex/Tloc       ###...       14%         3    None
 Airstrike                Air            ####......   14%         4    None
 Passage of Golubria      Tloc           N/A          17%         4    None
 Call Imp                 Summ           ##......     19%         2    None
 Ensorcelled Hibernation  Hex/Ice        ##....       19%         2    None
 Slow                     Hex            ##......     19%         2    None
 Sticks to Snakes         Tmut           ##......     19%         2    None
 Throw Flame              Conj/Fire      ##....       19%         2    None
 Throw Frost              Conj/Ice       ##....       19%         2    None
 Mephitic Cloud           Conj/Pois/Air  ###.....     19%         3    None
 Iskenderun's Battlesphe  Conj/Chrm      #####...     22%         5    ####...
 Call Canine Familiar     Summ           ##......     36%         3    None
 Confuse                  Hex            ##......     36%         3    None
 Conjure Flame            Conj/Fire      ##......     36%         3    None
 Ignite Poison            Fire/Tmut/Pois ##......     36%         3    None
 Inner Flame              Hex/Fire       ##......     36%         3    None
 Spider Form              Tmut/Pois      ##........   36%         3    None
 Summon Guardian Golem    Hex/Summ       ##......     36%         3    None
 Leda's Liquefaction      Hex/Erth       ###.......   36%         4    None
 Petrify                  Tmut/Erth      ###.....     36%         4    None
 Summon Lightning Spire   Summ/Air       ###.....     38%         4    None
 Lightning Bolt           Conj/Air       ###.......   75%         5    ####...
 Silence                  Hex/Air        ###.......   75%         5    ####...
 Cause Fear               Hex            ##........   77%         4    None
 Ice Form                 Ice/Tmut       ##......     77%         4    None
 Olgreb's Toxic Radiance  Pois           ##......     77%         4    None
 Summon Ice Beast         Ice/Summ       ##......     77%         4    None
 Summon Forest            Summ/Tloc      ###.......   78%         5    ####...
 Bolt of Magma            Conj/Fire/Erth ###.......   85%         5    ####...
 Alistair's Intoxication  Tmut/Pois      ##......     98%         5    ####...
 Blade Hands              Tmut           ##........   98%         5    ####...
 Fireball                 Conj/Fire      ##........   98%         5    ####...
 Irradiate                Conj/Tmut      ##........   98%         5    ####...
 Metabolic Englaciation   Hex/Ice        ##........   98%         5    ####...
 Summon Mana Viper        Hex/Summ       ##......     98%         5    ####...
 Venom Bolt               Conj/Pois      ##........   98%         5    ####...
 Yara's Violent Unravell  Hex/Tmut       ##........   98%         5    ####...
 Iron Shot                Conj/Erth      ###.......   99%         6    #####..
 Statue Form              Tmut/Erth      ###......    99%         6    #####..
 Bolt of Fire             Conj/Fire      ##........   100%        6    #####..
 Conjure Ball Lightning   Conj/Air       ###.......   100%        6    #####..
 Freezing Cloud           Conj/Ice/Air   ###.......   100%        6    #####..
 Hydra Form               Tmut           ##........   100%        6    #####..
 Ozocubu's Refrigeration  Ice            ##........   100%        6    #####..
 Dragon Form              Tmut           ##........   100%        7    #######
 Malign Gateway           Summ/Tloc      ###.......   100%        7    #######
 Orb of Destruction       Conj           ##........   100%        7    #######
 Ring of Flames           Chrm/Fire      #####.....   100%        7    #######
 Spellforged Servitor     Conj/Summ      ##........   100%        7    #######
 Summon Hydra             Summ           ##........   100%        7    #######
 Discord                  Hex            ##........   100%        8    #######
 Ignition                 Fire           ##........   100%        8    #######
 Lehudib's Crystal Spear  Conj/Erth      ###.......   100%        8    #######
 Shatter                  Erth           ####......   100%        9    #######
 Tornado                  Air            ####......   100%        9    #######
 Regeneration             Chrm/Necr      Unusable     N/A         3    N/A

Dungeon Overview and Level Annotations

Branches:
Dungeon (15/15)            Temple (1/1) D:5            Lair (6/6) D:10
  Swamp (4/4) Lair:4        Snake (4/4) Lair:4        Slime (0/5) Lair:6
    Orc (2/2) D:11            Elf (3/3) Orc:2        Vaults (5/5) D:13
  Crypt (0/3) Vaults:2     Depths (3/5) D:15

Altars:
Ashenzari
Cheibriados
Dithmenos
Elyvilon
Fedhas
Gozag
Hepliaklqana
Kikubaaqudgha
Makhleb
Nemelex Xobeh
Okawaru
Qazlal
Ru
Sif Muna
Trog
Uskayaw
Vehumet
Wu Jian
Xom
Yredelemnul
Zin
The Shining One
Beogh
Jiyva

Shops:
D:5 *(([!   Orc:2 %!?}(:?(   Elf:1 ![*   Elf:2 }   Elf:3 (*[[   Vaults:1 =(
Vaults:2 !   Depths:2 =*:[

Portals:
Hell: Depths:1 Depths:2 Depths:3
Abyss: Depths:1
Pandemonium: Orc:2 Depths:2 Depths:3

Annotations:
D:2 exclusion: oklob plant
Depths:1 2 transporters, TheNamelessOne's ghost, journeyman GrBe


Innate Abilities, Weirdness & Mutations

You are resistant to damage.
You can heal yourself by infusing magical energy.
You resist negative energy. (rN+)
You passively map a large area around you.
You do not regenerate.
You are partially covered in icy blue scales. (AC +2)
You are robust. (+10% HP)


Message History

Unknown command.
Press: ? - help, v - describe, . - travel, g - get item
Here: a two-headed ogre shaped shifter (sheltered from injuries)
A battleaxe of freezing.
There is something else lying underneath.
The floor, spattered with blood.
Unknown command.
Casting: Shroud of Golubria (safe; 1% risk of failure)
Confirm with . or Enter, or press ? or * to list all spells.
You blink.
You carefully extract the barbed spikes from your body.
The two-headed ogre changes into a manticore!
The sphinx hits you but does no damage. The sphinx hits you.
* * * LOW HITPOINT WARNING * * *
The sphinx barely misses you. The phantasmal warrior hits you!!
* * * LOW HITPOINT WARNING * * *
The frost giant points at you and mumbles some strange words.
The bolt of cold hits the phantasmal warrior.
The phantasmal warrior resists.
The bolt of cold hits you! You resist.
You die...

,* * * #....#.. * *
* * * .# #....#.# ,
* * .#*#....#.##* #
,, #.##.....c.##p.
, #.....Eec..9 , ,,
* *
####....p†cEc####
*** *
.......p§H)p..... ,
,, ,
......<.H§D...... ,
, .......@W)C......
, ,,
,......(.C........,
, *
####.........####*
* ** , , ,
............. ,, ,
,*** *
*,##..#....#.....
,,, * *
##.#....#...... , ,
*, ,
,**#,#....#..####*
, #....#,,# , , , *
** , * * , , , ,


You could see an ironheart preserver, a storm dragon, a frost giant, a sphinx, a
yaktaur captain, 2 vault guards, an ettin, a war gargoyle, a manticore shaped
shifter, a phantasmal warrior, 2 earth elementals, 3 yaktaurs and a deep elf
mage.

Vanquished Creatures
  A juggernaut (Depths:3)
  The ghost of bloodycherry the Warrior, an adept DDFi of Makhleb (Vaults:4)
  The ghost of Merlin the Severer, an adept MiBe of Trog (Vaults:4)
  2 liches
  Jory (Depths:3)
  4 tentacled monstrosities
  Rupert (Lair:3)
  A moon troll (WizLab)
  2 deep elf master archers (Elf:3)
  Asterion (Depths:3)
  A quicksilver dragon (WizLab)
  A titan (Vaults:5)
  2 deep elf blademasters (Elf:3)
  9 tentacled starspawn (WizLab)
  2 thorn hunters
  4 tengu reavers
  Kirke (Lair:6)
  2 storm dragons
  4 nagarajas (Snake:4)
  8 fire giants
  The ghost of Piuleypsy the Warrior, an adept GrFi of Qazlal (Snake:2)
  10 vault wardens
  5 frost giants
  11 deep elf sorcerers
  An iron dragon (Vaults:5)
  A ghoul (Vaults:1)
  An orc warlord (Orc:1)
  5 deep elf elementalists
  A cacodemon (WizLab)
  2 very ugly things
  2 spriggan defenders (Depths:3)
  6 ironheart preservers
  14 stone giants
  9 deep elf demonologists
  An entropy weaver (Vaults:3)
  3 vampire knights
  A dire elephant (Lair:4)
  2 spark wasps (Depths:3)
  8 deep elf annihilators (Elf:3)
  A minotaur (Lab)
  12 ettins
  7 fire dragons
  2 deep elf death magi (Elf:3)
  2 crystal guardians (WizLab)
  2 jiangshi (Vaults:2)
  12 great orbs of eyes
  The ghost of Phong the Spear-Bearer, a journeyman BaSu of Cheibriados (Lair:4)
  35 vault guards
  12 yaktaur captains
  5 deep elf high priests
  4 rakshasas
  Erolcha (D:12)
  4 ogre magi
  13 hydras
  5 ice dragons
  3 spriggan air magi
  17 naga warriors
  3 ghost crabs
  A catoblepas (D:14)
  4 centaur warriors
  3 anacondas
  3 death knights
  10 two-headed ogres
  25 dancing weapons
  6 deep troll shamans
  15 alligators
  3 tengu warriors
  4 spriggan berserkers
  4 vampire magi
  13 hell knights
  4 orc high priests (Orc:2)
  3 death yaks (Lair:4)
  3 deep troll earth magi
  4 shock serpents
  13 naga sharpshooters
  A small abomination (Elf:3)
  A large abomination (Elf:3)
  13 deep elf knights
  16 skeletal warriors
  A salamander mystic (Snake:4)
  A gelid demonspawn (Orc:2)
  3 flayed ghosts
  An unseen horror (D:13)
  8 glowing orange brains
  3 infernal demonspawn (Orc:2)
  2 naga ritualists
  A spriggan druid (Swamp:2)
  12 swamp dragons
  14 ironbrand convokers
  A shambling mangrove (Swamp:1)
  An unseen horror (shapeshifter) (Depths:1)
  4 sea snakes
  4 wizards
  16 deep trolls
  7 starcursed masses (WizLab)
  An orange crystal statue (WizLab)
  10 deep elf archers
  3 wolf spider zombies
  2 phantasmal warriors
  4 mana vipers (Snake:2)
  41 deep elf magi
  14 harpies
  6 orc sorcerers (Orc:2)
  15 orc knights
  A shining eye (shapeshifter) (Vaults:5)
  5 wolf spiders
  An orb spider (shapeshifter) (Vaults:1)
  6 necromancers
  3 manticores
  22 ugly things
  A wolf spider (shapeshifter) (Vaults:2)
  8 salamanders
  7 cyclopes
  4 elephants (Lair:6)
  A faun (shapeshifter) (Depths:3)
  24 black mambas
  3 guardian serpents
  10 vault sentinels
  2 centaur skeletons
  Psyche (D:11)
  4 gargoyles
  11 naga magi
  2 eyes of devastation (WizLab)
  3 ice statues
  A kobold demonologist (D:13)
  10 komodo dragons
  A rime drake (Lair:6)
  20 spiny frogs
  3 freezing wraiths
  4 efreet
  2 yaktaurs (shapeshifter) (Depths:2)
  48 yaktaurs
  7 polar bears
  2 red devils (Orc:2)
  3 tengu conjurers
  6 trolls
  14 tyrant leeches
  3 meliai (D:15)
  2 wind drakes (Lair:6)
  52 slime creatures
  4 dream sheep
  11 bog bodies
  15 hornets
  12 blink frogs
  5 hippogriffs
  An alligator zombie (Swamp:2)
  2 air elementals (Elf:3)
  4 wyverns
  A centaur simulacrum (D:15)
  4 redbacks
  5 shadows
  22 yaks
  4 water elementals
  A spriggan (shapeshifter) (Depths:2)
  2 vampires
  8 spriggans
  7 wraiths
  5 fire elementals
  A tarantella (Vaults:3)
  5 basilisks
  2 fire bats (Depths:2)
  7 golden eyes
  A human (shapeshifter) (Depths:2)
  5 hungry ghosts
  19 vampire mosquitoes
  2 human simulacra
  7 insubstantial wisps
  2 acid dragons (Vaults:1)
  47 nagas
  15 swamp worms
  5 wargs
  8 water moccasins
  8 porcupines
  9 swamp drakes
  52 orc warriors
  A floating eye (Depths:3)
  A black bear (shapeshifter) (Elf:1)
  An eye of draining (D:10)
  A hornet zombie (Swamp:2)
  17 ogres
  2 ice beasts
  3 black bears
  A phantom (D:10)
  5 sky beasts
  19 centaurs
  A necrophage (D:13)
  An ettin simulacrum (Vaults:1)
  A wolf (Lair:4)
  6 crocodiles
  An elf zombie (Ossuary)
  17 bullfrogs
  3 wyvern zombies
  A gnoll sergeant (Orc:1)
  An earth elemental (Elf:3)
  2 scorpions
  6 killer bees
  12 wights
  6 howler monkeys
  3 electric eels
  5 crimson imps
  2 quasits
  2 centaur zombies
  2 bullfrog skeletons
  5 hounds
  32 orc priests
  22 orc wizards
  4 human zombies (Ossuary)
  2 jellies
  A gnoll shaman (D:10)
  3 iguanas
  7 worker ants
  A hell rat (Lair:2)
  A big kobold zombie (Ossuary)
  A hound zombie (Ossuary)
  A hound skeleton (D:10)
  3 mummies (Ossuary)
  A worker ant zombie (D:5)
  An adder (shapeshifter) (Depths:3)
  8 adders
  9 gnolls
  4 shadow imps
  A white imp (Depths:3)
  3 adder skeletons
  4 adder zombies
  2 worms (D:3)
  A dart slug (D:2)
  A worm (shapeshifter) (Depths:1)
  6 leopard geckos
  102 orcs
  A bat (D:3)
  4 giant cockroaches
  A gnoll zombie (Ossuary)
  10 goblins
  3 hobgoblins
  5 quokkas
  A ball python (D:4)
  4 frilled lizards
  3 goblin zombies (Ossuary)
  5 hobgoblin zombies (Ossuary)
  3 jackal zombies (Ossuary)
  14 kobolds
  A kobold zombie (Ossuary)
  3 orc zombies (Ossuary)
  2 quokka skeletons
  5 quokka zombies (Ossuary)
  4 rats
  4 rat zombies (Ossuary)
  2 crawling corpses (Elf:3)
  2 demonic plants (WizLab)
  4 fungi
  2 plants
  8 starspawn tentacles (WizLab)
1643 creatures vanquished.

Vanquished Creatures (collateral kills)
  A juggernaut (Depths:3)
  Sojobo (Depths:3)
  Saint Roka (Depths:1)
  A caustic shrike (Depths:3)
  A lich (Depths:3)
  A tentacled monstrosity (Depths:2)
  A thorn hunter (Swamp:2)
  Roxanne (Snake:1)
  A nagaraja (Snake:4)
  A vault warden (Vaults:3)
  2 deep elf elementalists (Elf:3)
  An ironheart preserver (Vaults:3)
  A spriggan defender (Depths:3)
  A war gargoyle (WizLab)
  2 very ugly things
  5 stone giants
  Snorg (Lair:3)
  2 ettins
  A deep elf high priest (Depths:3)
  Josephine (D:11)
  A fire dragon (Vaults:1)
  7 hydras
  4 ice dragons
  A great orb of eyes (Depths:3)
  2 yaktaur captains
  4 naga warriors
  A catoblepas (Lair:6)
  A merfolk avatar (Lair:6)
  A spriggan air mage (Depths:3)
  2 anacondas
  3 two-headed ogres
  An alligator (Swamp:2)
  A dancing weapon (Elf:2)
  5 naga sharpshooters
  An orc high priest (Orc:2)
  A spriggan berserker (Depths:2)
  The ghost of Maniyck the Grappler, a novice TrFi of Cheibriados (Lair:2)
  5 slime creatures
  A hell knight (Depths:3)
  2 swamp dragons (Swamp:4)
  2 deep trolls
  A sea snake (Snake:2)
  A shambling mangrove (Swamp:3)
  2 deep elf magi
  An orc knight (Vaults:2)
  An ironbrand convoker (Vaults:3)
  A necromancer (Depths:3)
  2 harpies
  A mana viper (Snake:4)
  An orc sorcerer (Orc:2)
  10 ugly things
  A salamander (Snake:4)
  A manticore (Lair:6)
  A centaur zombie (D:10)
  3 naga magi (Snake:4)
  3 black mambas
  A centaur skeleton (D:14)
  3 spiny frogs
  A komodo dragon (Lair:6)
  A swamp worm zombie (Swamp:2)
  8 yaktaurs
  A minotaur skeleton (Lab)
  2 tyrant leeches
  3 polar bears
  5 blink frogs
  4 hornets
  A hippogriff (Lair:3)
  3 bog bodies (Swamp:4)
  3 dream sheep (Lair:6)
  5 redbacks
  2 spriggans
  7 yaks
  A wyvern (Lair:6)
  A ynoxinul (Orc:2)
  4 wraiths (D:11)
  A basilisk (Lair:3)
  A hog (Lair:6)
  A hungry ghost (Lab)
  5 insubstantial wisps
  5 nagas
  A warg (Orc:1)
  A soldier ant (shapeshifter) (Vaults:3)
  A water moccasin (Lair:6)
  A porcupine (Lair:3)
  4 swamp drakes
  10 orc warriors
  2 ogres
  2 earth elementals (Lab)
  A wyvern skeleton (D:11)
  A crimson imp (D:10)
  A jelly (Lair:6)
  8 orc priests
  3 orc wizards
  An iguana (D:9)
  An ooze (Lair:6)
  13 orcs
  A quokka (D:7)
  2 demonic plants (WizLab)
  5 fungi
  A starspawn tentacle (WizLab)
233 creatures vanquished.

Vanquished Creatures (others)
  A shadow dragon (Vaults:5)
  A deep elf annihilator (Elf:3)
  A vault guard (Vaults:5)
  A deep elf high priest (Elf:3)
  An ogre mage (Vaults:4)
  A swamp dragon (Swamp:4)
  An ugly thing (Depths:3)
  2 yaktaurs (Depths:1)
  A tyrant leech (Swamp:3)
  2 hornets (Swamp:3)
  4 slime creatures
  A spriggan (Swamp:3)
  A tyrant leech zombie (Swamp:2)
  4 humans (Lair:6)
  6 insubstantial wisps
  A swamp drake (Swamp:4)
  An orc warrior (Vaults:3)
  A wight (D:15)
  An orc (D:13)
  9 fungi
  22 plants
  10 starspawn tentacles (WizLab)
  2 withered plants (Vaults:4)
75 creatures vanquished.

Grand Total: 1951 creatures vanquished

Notes
Turn   | Place    | Note
-------+----------+-------------------------------------------
     0 | D:1      | dvd the Deep Dwarf Necromancer began the quest for the Orb.
     0 | D:1      | Reached XP level 1. HP: 15/15 MP: 3/3
   898 | D:2      | Reached XP level 2. HP: 22/22 MP: 1/5
   917 | D:2      | Reached skill level 5 in Necromancy
  1174 | D:2      | Found a snail-covered altar of Cheibriados.
  1361 | D:2      | Reached XP level 3. HP: 21/28 MP: 1/6
  1366 | D:2      | Learned a level 3 spell: Vampiric Draining
  1659 | D:2      | Found a blossoming altar of Fedhas.
  1671 | D:2      | Noticed an oklob plant
  1859 | D:3      | Noticed a bullfrog
  1870 | D:3      | Killed a bullfrog
  1870 | D:3      | Reached XP level 4. HP: 22/36 MP: 0/8
  2886 | D:3      | Reached XP level 5. HP: 39/42 MP: 9/9
  3792 | D:5      | Entered Level 5 of the Dungeon
  3916 | D:5      | Found a staircase to the Ecumenical Temple.
  3923 | Temple   | Entered the Ecumenical Temple
  3943 | Temple   | Became a worshipper of Makhleb the Destroyer
  4149 | D:5      | Found Xoaziof's Weapon Emporium.
  4161 | D:5      | Reached skill level 1 in Armour
  4246 | D:5      | Noticed an ogre
  4292 | D:5      | Killed an ogre
  4292 | D:5      | Reached skill level 1 in Maces & Flails
  4292 | D:5      | Reached XP level 6. HP: 32/50 MP: 0/11
  4401 | D:5      | Found an iron altar of Okawaru.
  4408 | D:5      | You fall through a shaft!
  4829 | D:5      | Found Daufun's Assorted Antiques.
  4860 | D:5      | Found Ahat's Antique Weapon Emporium.
  4880 | D:5      | Reached XP level 7. HP: 39/56 MP: 0/13
  4981 | D:5      | Bought a glowing hand axe for 156 gold pieces
  5108 | D:5      | Found Waunk's Antique Armour Shop.
  5263 | D:5      | Found Urirraju's Distillery.
  5270 | D:5      | Bought a potion of curing for 36 gold pieces
  5595 | D:6      | Reached * piety under Makhleb
  5699 | D:7      | Learned a level 4 spell: Animate Dead
  5714 | D:7      | Reached skill level 1 in Axes
  5975 | D:7      | Found a deep blue altar of Sif Muna.
  6023 | D:7      | Reached skill level 1 in Fighting
  6147 | D:7      | HP: 2/57 [centaur/arrow (7)]
  6149 | D:6      | Gained mutation: You are robust. (+10% HP) [potion of
                  | mutation]
  6149 | D:6      | Gained mutation: You are partially covered in icy blue
                  | scales. (AC +2) [potion of mutation]
  6258 | D:7      | Noticed a golden eye
  6258 | D:7      | an ogre changed into a golden eye
  6316 | D:7      | Killed a golden eye
  6316 | D:7      | Reached skill level 5 in Spellcasting
  6316 | D:7      | Reached XP level 8. HP: 38/70 MP: 15/15
  6512 | D:8      | Reached skill level 2 in Axes
  6758 | D:8      | Found a sand-covered staircase.
  6765 | D:8      | Learned a level 2 spell: Blink
  6766 | Ossuary  | Entered an ossuary
  6802 | Ossuary  | Reached skill level 3 in Axes
  6898 | Ossuary  | Reached ** piety under Makhleb
  6993 | Ossuary  | Reached skill level 4 in Axes
  7101 | Ossuary  | Identified a scroll of acquirement
  7145 | D:8      | Found a radiant altar of Vehumet.
  7170 | D:8      | Gained mutation: You passively map the area around you.
                  | [Deep Dwarf growth]
  7170 | D:8      | Reached XP level 9. HP: 55/80 MP: 5/17
  7275 | D:8      | Reached skill level 5 in Axes
  7854 | D:7      | Found a bloodstained altar of Trog.
  8005 | D:7      | Reached *** piety under Makhleb
  8177 | D:5      | Bought a runed leather armour for 100 gold pieces
  8326 | D:5      | Found an ancient bone altar of Kikubaaqudgha.
  8440 | D:9      | Reached skill level 6 in Axes
  8733 | D:9      | Reached XP level 10. HP: 91/92 MP: 13/20
  8820 | D:9      | Found a stormy altar of Qazlal.
  8933 | D:9      | Reached skill level 7 in Axes
  9048 | D:9      | Reached skill level 1 in Invocations
  9256 | D:10     | Entered Level 10 of the Dungeon
  9266 | D:10     | Learned a level 2 spell: Shroud of Golubria
  9332 | D:10     | Reached **** piety under Makhleb
  9699 | D:10     | Reached skill level 5 in Dodging
  9717 | D:10     | Found a staircase to the Lair.
 10026 | D:9      | Killed an enormous slime creature
 10026 | D:9      | Reached skill level 5 in Stealth
 10026 | D:9      | Reached skill level 1 in Evocations
 10164 | D:10     | Noticed a gargoyle
 10179 | D:10     | Killed a gargoyle
 10179 | D:10     | Reached skill level 8 in Axes
 10303 | Lair:1   | Entered Level 1 of the Lair of Beasts
 10310 | Lair:1   | Found a labyrinth entrance.
 10333 | Lab      | Entered a labyrinth
 10603 | Lab      | Reached XP level 11. HP: 64/101 MP: 13/22
 10636 | Lab      | Noticed a minotaur
 10660 | Lab      | HP: 1/101 [minotaur/javelin (24)]
 10671 | Lab      | Killed a minotaur
 10708 | Lab      | Identified the Reference Book on Stones
 10716 | Lab      | Identified the Catalogue of Intoxication and the Frostbite
 10872 | Lair:1   | Reached skill level 10 in Necromancy
 11291 | D:11     | Noticed Psyche
 11314 | D:11     | Killed Psyche
 11461 | D:11     | Noticed a two-headed ogre
 11471 | D:11     | Killed a two-headed ogre
 11471 | D:11     | Reached skill level 5 in Invocations
 11485 | D:11     | Found a roughly hewn altar of Beogh.
 12207 | D:11     | Found a staircase to the Orcish Mines.
 12263 | D:11     | Found a roughly hewn altar of Beogh.
 12756 | D:11     | Noticed Josephine
 12791 | D:11     | Killed Josephine
 12868 | D:11     | Learned a level 5 spell: Borgnjor's Vile Clutch
 13680 | Lair:2   | Reached XP level 12. HP: 84/110 MP: 8/23
 14052 | Lair:2   | Noticed a six-headed hydra
 14066 | Lair:2   | Killed a four-headed hydra
 14433 | Lair:2   | Found a runed door.
 14433 | Lair:2   | Noticed Maniyck's ghost (novice TrFi)
 14702 | Lair:3   | Noticed Rupert
 14707 | Lair:3   | Reached skill level 9 in Axes
 14734 | Lair:3   | Reached skill level 1 in Earth Magic
 14754 | Lair:3   | Killed Rupert
 15385 | Lair:3   | Noticed Snorg
 15394 | Lair:3   | Killed Snorg
 16037 | Lair:4   | Noticed an eight-headed hydra
 16051 | Lair:4   | Killed a one-headed hydra
 16051 | Lair:4   | Reached skill level 5 in Earth Magic
 16205 | Lair:4   | Noticed a dire elephant
 16209 | Lair:4   | Noticed Phong's ghost (journeyman BaSu)
 16275 | Lair:4   | Reached skill level 1 in Translocations
 16290 | Lair:4   | Found a staircase to the Snake Pit.
 16407 | Lair:4   | Noticed a death yak
 16414 | Lair:4   | Noticed a death yak
 16414 | Lair:4   | Noticed a death yak
 16417 | Lair:4   | Killed a death yak
 16525 | Lair:4   | Found a runed gate.
 16525 | Lair:4   | Found a runed gate.
 16525 | Lair:4   | Found a runed gate.
 16689 | Lair:4   | Found a staircase to the Swamp.
 16718 | Lair:4   | Reached XP level 13. HP: 88/118 MP: 8/25
 17026 | Lair:5   | Reached skill level 10 in Spellcasting
 17074 | Lair:5   | Reached skill level 5 in Fighting
 17129 | Lair:5   | Reached ***** piety under Makhleb
 17814 | Lair:6   | Entered Level 6 of the Lair of Beasts
 17881 | Lair:6   | Reached skill level 10 in Axes
 17940 | Lair:6   | Noticed Kirke
 17959 | Lair:6   | Killed Kirke
 18203 | Lair:6   | Reached skill level 11 in Axes
 18805 | Lair:6   | Found a runed door.
 18808 | Lair:6   | Found a viscous altar of Jiyva.
 18809 | Lair:6   | Found a staircase to the Slime Pits.
 18816 | Lair:6   | Reached skill level 5 in Evocations
 19412 | D:12     | Noticed Erolcha
 19425 | D:12     | Killed Erolcha
 19692 | D:12     | Reached skill level 5 in Armour
 19780 | D:12     | Gained mutation: You resist negative energy. (rN+) [Deep
                  | Dwarf growth]
 19780 | D:12     | Reached XP level 14. HP: 98/129 MP: 17/27
 20470 | Lair:2   | Killed Maniyck's ghost
 20606 | Lair:4   | Killed Phong's ghost
 20914 | Orc:1    | Entered Level 1 of the Orcish Mines
 21312 | Orc:1    | Found a flagged portal.
 21342 | Bailey   | Entered a bailey
 21590 | Bailey   | Reached ****** piety under Makhleb
 21621 | Bailey   | Found a burning altar of Makhleb.
 22071 | Orc:2    | Entered Level 2 of the Orcish Mines
 22110 | Orc:2    | Noticed an orc warlord
 22138 | Orc:1    | Reached skill level 12 in Axes
 22626 | D:13     | Found a gate to the Vaults.
 23133 | Orc:1    | Killed an orc warlord
 23365 | Orc:2    | Found a staircase to the Elven Halls.
 23472 | Orc:2    | Found Kidoe's Weapon Shop.
 23596 | Orc:2    | Found Wifynlug's Magic Scroll Emporium.
 23659 | Orc:2    | Found Lualunt's Gadget Emporium.
 23684 | Orc:2    | Found Buipykiw's Food Emporium.
 23842 | Orc:2    | Found Inlealun's Distillery.
 23843 | Orc:2    | Found Boruemm's Magic Scroll Boutique.
 24054 | Orc:2    | Bought a potion of heal wounds for 85 gold pieces
 24054 | Orc:2    | Bought a potion of curing for 51 gold pieces
 24054 | Orc:2    | Bought a potion of might for 68 gold pieces
 24056 | Orc:2    | Bought a scroll of enchant armour for 112 gold pieces
 24056 | Orc:2    | Bought a scroll of blinking for 112 gold pieces
 24056 | Orc:2    | Bought a scroll of enchant armour for 112 gold pieces
 24056 | Orc:2    | Bought a scroll of enchant weapon for 112 gold pieces
 24656 | Orc:2    | Reached XP level 15. HP: 140/140 MP: 26/29
 24703 | Orc:2    | Found Jaud's Antique Weapon Shoppe.
 24703 | Orc:2    | Found a one-way gate leading to the halls of Pandemonium.
 24703 | Orc:2    | Found Ciarph's Book Emporium.
 24707 | Orc:2    | Reached skill level 13 in Axes
 24709 | Orc:2    | Bought an iridescent whip for 172 gold pieces
 24709 | Orc:2    | Identified the +4 whip of Welfare {flame, +Fly rElec} (You
                  | bought it in a shop on level 2 of the Orcish Mines)
 24815 | Orc:2    | Bought 3 scrolls of enchant weapon for 337 gold pieces
 24815 | Orc:2    | Bought a scroll of enchant armour for 112 gold pieces
 25055 | Snake:1  | Entered Level 1 of the Snake Pit
 25329 | Snake:1  | Noticed Roxanne
 25842 | Snake:1  | Killed Roxanne
 26613 | Snake:2  | Got an ancient long sword {venom}
 26626 | Snake:2  | Identified the +8 long sword of Action {venom, Dex+5} (You
                  | took it off a naga warrior on level 2 of the Snake Pit)
 26748 | Snake:2  | Found a runed door.
 26748 | Snake:2  | Noticed Piuleypsy's ghost (adept GrFi)
 26749 | Snake:2  | Found the +7 Spriggan's Knife {MR+ EV+4 Dex+4 Stlth+}
 27477 | Snake:2  | Killed Piuleypsy's ghost
 27480 | Snake:2  | Got an ancient broad axe
 27481 | Snake:2  | Identified the cursed +0 broad axe "Jellybane" {chop, MP-9
                  | Str+4} (You found it on level 2 of the Snake Pit)
 28458 | Snake:3  | Reached skill level 15 in Necromancy
 29085 | Snake:4  | Entered Level 4 of the Snake Pit
 29181 | Snake:3  | Reached XP level 16. HP: 22/151 MP: 17/31
 31113 | D:14     | Found a shadowy altar of Dithmenos.
 31289 | D:15     | Entered Level 15 of the Dungeon
 31647 | D:15     | Reached skill level 14 in Axes
 32777 | Snake:4  | Reached skill level 10 in Armour
 33082 | Snake:4  | Reached XP level 17. HP: 108/160 MP: 10/31
 33210 | Snake:4  | Got a serpentine rune of Zot
 33813 | Vaults:1 | Entered Level 1 of the Vaults
 33813 | Vaults:1 | Found a flickering gateway to a bazaar.
 33833 | Vaults:1 | Reached skill level 15 in Axes
 33843 | Vaults:1 | Found Hiyrauq's Jewellery Shoppe.
 33909 | Vaults:1 | Found Unloacyg's Antique Weapon Shop.
 33955 | Bazaar   | Entered a bazaar
 33959 | Bazaar   | Found Fitil's Jewellery Boutique.
 33965 | Bazaar   | Bought the amulet "Gietaj" {Reflect rElec rC++ Int-3 Slay+3
                  | SH+2} for 362 gold pieces
 33985 | Bazaar   | Found Exomy's General Store.
 34002 | Bazaar   | Found Pimes's Book Boutique.
 34019 | Bazaar   | Found Siahymov's Antique Armour Emporium.
 34024 | Bazaar   | Bought a warped hat for 243 gold pieces
 34032 | Bazaar   | Identified the +2 hat of the Everdark {rF++ rC- Str+3} (You
                  | bought it in a shop in a bazaar)
 34083 | Bazaar   | Bought a pair of glowing boots for 202 gold pieces
 34097 | Bazaar   | Bought a runed scarf for 216 gold pieces
 34183 | Bazaar   | Bought a cursed ring of attention for 36 gold pieces
 34183 | Bazaar   | Bought a cursed amulet of inaccuracy for 16 gold pieces
 34457 | Vaults:1 | Bought a steaming flail for 238 gold pieces
 34457 | Vaults:1 | Identified the cursed +3 flail of Ipput {crush, Str+8 Int+3
                  | Stlth+} (You bought it in a shop on level 1 of the Vaults)
 35282 | Vaults:1 | Reached skill level 16 in Axes
 35634 | Vaults:1 | Learned a level 2 spell: Song of Slaying
 35873 | Swamp:1  | Entered Level 1 of the Swamp
 36112 | Swamp:1  | Got a pitted helmet
 36113 | Swamp:1  | Identified the +2 helmet "Kuavoz" {Dex+6} (You found it on
                  | level 1 of the Swamp)
 36923 | Swamp:2  | Gained mutation: You passively map a large area around you.
                  | [Deep Dwarf growth]
 36923 | Swamp:2  | Reached XP level 18. HP: 165/174 MP: 17/33
 38261 | Swamp:4  | Entered Level 4 of the Swamp
 38265 | Swamp:4  | Reached skill level 17 in Axes
 38305 | Swamp:4  | Reached skill level 10 in Fighting
 38474 | Swamp:4  | Got a decaying rune of Zot
 38504 | Swamp:4  | Identified the +6 scale mail "Naonurgh" {+Inv rElec SInv}
                  | (You found it on level 4 of the Swamp)
 38559 | Swamp:4  | Learned a level 6 spell: Deflect Missiles
 38692 | Swamp:4  | Reached skill level 1 in Charms
 39205 | Elf:1    | Entered Level 1 of the Elven Halls
 39255 | Elf:1    | Noticed a Hell Sentinel
 39281 | Elf:1    | Identified the Catalogue of Companions
 39460 | Elf:1    | Found Ankeereq's Antique Armour Shop.
 39483 | Elf:1    | Bought a pair of faintly humming gloves for 285 gold pieces
 39493 | Elf:1    | Identified the +1 pair of gloves "Qot Koeg" {rF+ rCorr
                  | Dex+3 Stlth+} (You bought it in a shop on level 1 of the
                  | Elven Halls)
 39539 | Elf:1    | Found Ulesh's Distillery.
 39546 | Elf:1    | Bought a potion of curing for 45 gold pieces
 39546 | Elf:1    | Bought a potion of curing for 45 gold pieces
 39546 | Elf:1    | Bought 2 potions of heal wounds for 150 gold pieces
 39573 | Elf:1    | Found Navieraw's Assorted Antiques.
 40110 | Elf:2    | Found a runed door.
 40111 | Elf:2    | Found a runed door.
 40130 | Elf:2    | Reached XP level 19. HP: 187/187 MP: 34/34
 40139 | Elf:2    | Reached skill level 18 in Axes
 40787 | Elf:2    | Reached skill level 10 in Invocations
 40932 | Elf:2    | Found Unloacyg's Gadget Boutique.
 41070 | Elf:2    | Identified The Arcane Secrets of Spellcraft
 41122 | Elf:3    | Entered Level 3 of the Elven Halls
 41135 | Elf:3    | Found Itattuk's Armour Emporium.
 41153 | Elf:3    | Found Kythro's Antique Armour Boutique.
 41245 | Elf:3    | Found Fumept's Assorted Antiques.
 41357 | Elf:3    | Found Woem's Antique Weapon Emporium.
 42510 | Vaults:2 | Reached skill level 5 in Charms
 43026 | Elf:3    | Reached XP level 20. HP: 195/199 MP: 11/35
 43116 | Elf:3    | Reached skill level 19 in Axes
 43135 | Elf:3    | Identified Nouzif's Handbook of Supportive Enchantment
 43185 | Elf:3    | Identified Sif Muna's Guide on Feathers
 43257 | Elf:3    | Got a crystal hand axe {chop}
 43258 | Elf:3    | Identified the +9 hand axe "Cyeloxt" {chop, +Inv rF- rN+}
                  | (You took it off a deep elf mage on level 3 of the Elven
                  | Halls)
 43273 | Elf:3    | Got a crude battleaxe {chop}
 43274 | Elf:3    | Identified the +1 battleaxe "Dragon's Tongue" {chop, *Drain
                  | rC+++ Str+4} (You took it off a deep elf death mage on
                  | level 3 of the Elven Halls)
 43324 | Elf:3    | Identified the Almanac of Conjuration and the Blaze
 43328 | Elf:3    | Identified the +4 chain mail of Gluttony {rPois rC- MR+
                  | Regen+} (You found it on level 3 of the Elven Halls)
 43782 | Vaults:2 | Found a staircase to the Crypt.
 44450 | Vaults:2 | Identified the cursed +1 morningstar of the Warrior {chaos,
                  | rElec} (You found it on level 2 of the Vaults)
 44473 | Vaults:2 | Found Deumot's Distillery.
 44487 | Vaults:2 | Bought a potion of ambrosia for 120 gold pieces
 44487 | Vaults:2 | Bought a potion of heal wounds for 75 gold pieces
 44892 | Vaults:3 | Reached skill level 20 in Axes
 45161 | Vaults:3 | Identified the +9 hand axe of Propriety {venom, rN+ Str+4}
                  | (You found it on level 3 of the Vaults)
 46128 | Vaults:4 | Reached skill level 15 in Armour
 46201 | Vaults:4 | Reached skill level 10 in Stealth
 46233 | Vaults:4 | Reached XP level 21. HP: 125/211 MP: 36/36
 46302 | Vaults:4 | Found a gateway to a bazaar.
 46315 | Bazaar   | Entered a bazaar
 46317 | Bazaar   | Found Zompul's Book Boutique.
 46321 | Bazaar   | Found Wicau's Assorted Antiques.
 46321 | Bazaar   | Found Laemosite's Distillery.
 46322 | Bazaar   | Found Hasadal's Antique Armour Boutique.
 46344 | Bazaar   | Bought a slimy plate armour for 616 gold pieces
 46344 | Bazaar   | Identified the +1 plate armour "Efud" {Int+3 Slay+4} (You
                  | bought it in a shop in a bazaar)
 46353 | Bazaar   | Bought a potion of agility for 36 gold pieces
 46353 | Bazaar   | Bought a potion of curing for 27 gold pieces
 46353 | Bazaar   | Bought a potion of heal wounds for 45 gold pieces
 46353 | Bazaar   | Bought a potion of might for 36 gold pieces
 46353 | Bazaar   | Bought 2 potions of cancellation for 144 gold pieces
 46353 | Bazaar   | Bought a potion of curing for 27 gold pieces
 46353 | Bazaar   | Bought a potion of ambrosia for 72 gold pieces
 46353 | Bazaar   | Bought a potion of curing for 27 gold pieces
 46358 | Bazaar   | Bought a long copper wand for 120 gold pieces
 46358 | Bazaar   | Bought a potion of mutation for 240 gold pieces
 46394 | Vaults:4 | Found a magical portal.
 46402 | WizLab   | Entered Lehudib's Moon Base
 46771 | WizLab   | Found a transporter.
 46804 | WizLab   | Reached skill level 21 in Axes
 46849 | WizLab   | Reached skill level 10 in Charms
 46850 | WizLab   | Paralysed by accursed screaming for 1 turns
 47166 | WizLab   | Found a transporter.
 47189 | WizLab   | Got a slimy falchion
 47190 | WizLab   | Identified the cursed +3 falchion of Conscience {slice,
                  | +Fly rElec rF- Str+3} (You found it in a wizard's
                  | laboratory)
 47194 | WizLab   | Got an ichor-stained quarterstaff
 47195 | WizLab   | Identified the +8 quarterstaff of Insufficient Pleasure
                  | {flame, rPois Str+4 Int-5 SInv} (You found it in a wizard's
                  | laboratory)
 47234 | WizLab   | Identified Lehudib's Catalogue of Stones
 47796 | Vaults:4 | Noticed Merlin's ghost (adept MiBe)
 47797 | Vaults:4 | Found a runed gate.
 47797 | Vaults:4 | Found a runed gate.
 47798 | Vaults:4 | Found a runed gate.
 47798 | Vaults:4 | Noticed bloodycherry's ghost (adept DDFi)
 48214 | Vaults:4 | Killed bloodycherry's ghost
 48228 | Vaults:4 | Killed Merlin's ghost
 48920 | D:15     | Found a staircase to the Depths.
 48967 | D:15     | Got a twisted flail
 48968 | D:15     | Identified the cursed +1 flail "Ystrai" {crush, Dex+2} (You
                  | found it on level 15 of the Dungeon)
 49029 | D:15     | Found a hide-covered altar of Uskayaw.
 49108 | Depths:1 | Entered Level 1 of the Depths
 49162 | Depths:1 | Noticed TheNamelessOne's ghost (journeyman GrBe)
 49225 | Depths:1 | Found a one-way gate to the infinite horrors of the Abyss.
 49256 | Depths:1 | Reached skill level 1 in Air Magic
 49362 | Depths:1 | Found a transporter.
 49453 | Depths:1 | Noticed Saint Roka
 49468 | Depths:1 | Killed Saint Roka
 49524 | Depths:1 | Found a transporter.
 49566 | Depths:1 | Found a gateway to Hell.
 49756 | Depths:1 | Reached XP level 22. HP: 224/224 MP: 37/37
 50048 | Depths:2 | Found Odwatoh's Book Shoppe.
 50061 | Depths:2 | Found Uzxyled's Antique Armour Shoppe.
 50061 | Depths:2 | Found Umosuiph's Jewellery Emporium.
 50064 | Depths:2 | Found Nesk's Assorted Antiques.
 50084 | Depths:2 | Bought a warped helmet for 294 gold pieces
 50084 | Depths:2 | Identified the cursed -3 helmet of Leaves {rN+++ MR+ rCorr
                  | Dex-2} (You bought it in a shop on level 2 of the Depths)
 50218 | Depths:2 | Found a runed gate.
 50218 | Depths:2 | Found a runed gate.
 50218 | Depths:2 | Found a runed gate.
 50252 | Depths:2 | Reached skill level 22 in Axes
 50266 | Depths:2 | Found a runed gate.
 50266 | Depths:2 | Found a runed gate.
 50266 | Depths:2 | Found a runed gate.
 50547 | Depths:2 | Reached skill level 10 in Dodging
 51055 | Depths:3 | Noticed Jory
 51084 | Depths:3 | Killed Jory
 51167 | Depths:3 | Noticed a juggernaut
 51176 | Depths:3 | Noticed Sojobo
 51185 | Depths:3 | Killed a juggernaut
 51197 | Depths:3 | Noticed a caustic shrike
 51231 | Depths:3 | Noticed a juggernaut
 51385 | Depths:3 | HP: 10/226 [spriggan defender/lajatang of distortion (26)]
 51610 | Depths:3 | Killed Sojobo
 51707 | Depths:3 | Identified the +2 cloak "Besunlaanod" {rPois} (You found it
                  | on level 3 of the Depths)
 51718 | Depths:3 | Noticed Asterion
 51729 | Depths:3 | Killed Asterion
 51741 | Depths:3 | Reached XP level 23. HP: 196/234 MP: 31/39
 51763 | Depths:3 | Killed a juggernaut
 51774 | Depths:3 | Identified Xithrauw's Disquisition on Ghastly Execration
 51858 | Depths:3 | Killed a caustic shrike
 52141 | Depths:3 | Found a sacrificial altar of Ru.
 52364 | Depths:3 | Identified the cursed +0 helmet "Eluxal" {+Fly rN+ Dex+3}
                  | (You found it on level 3 of the Depths)
 52648 | Vaults:5 | Entered Level 5 of the Vaults
 52662 | Vaults:5 | Reached skill level 5 in Air Magic
 52699 | Vaults:5 | HP: 8/235 [yaktaur captain/bolt (15)]
 52702 | Vaults:5 | HP: 1/235 [phantasmal warrior (21)]
 52702 | Vaults:5 | Killed from afar by a frost giant

Skill      XL: |  1  2  3  4  5  6  7  8  9 10 11 12 13 14 15 16 17 18 19 20 21 22 23 |
---------------+----------------------------------------------------------------------+-----
Spellcasting   | 2 3 4 5 6 7 8 9 10 11 12 13 14 | 14.3
Necromancy     | 5 6 7 8 9 11 12 13 14 15 16 17 | 17.3
Armour         | 1 2 3 4 5 6 8 10 12 13 14 15 16 | 16.6
Maces & Flails | 1 2 3 |  3.3
Dodging        | 3 4 5 6 7 8 9 10 | 10.5
Axes           | 1 4 6 8 9 11 12 13 14 16 17 18 20 21 22 | 22.5
Fighting       | 1 2 3 4 5 6 7 8 9 10 11 12 13 14 | 14.5
Stealth        | 3 6 7 8 9 10 11 | 11.2
Invocations    | 4 5 7 8 9 10 | 10.7
Evocations     | 1 5 |  5.9
Earth Magic    | 5 |  5.6
Translocations | 1 4 |  4.7
Charms         | 2 5 9 11 12 13 | 13.4
Air Magic      | 1 4 5 |  5.3

Action                   |  1- 3 |  4- 6 |  7- 9 | 10-12 | 13-15 | 16-18 | 19-21 | 22-24 || total
-------------------------+-------+-------+-------+-------+-------+-------+-------+-------++-------
Melee: Whip              |    15 |    17 |       |       |       |       |       |       ||    32
       Mace              |       |    53 |    24 |       |       |       |       |       ||    77
       Hand axe          |       |       |   443 |   377 |     2 |    12 |       |       ||   834
       Morningstar       |       |       |     7 |       |       |       |       |       ||     7
       Flail             |       |       |       |    77 |       |    18 |       |       ||    95
       Dagger            |       |       |       |     3 |       |       |       |       ||     3
       Battleaxe         |       |       |       |    57 |   861 |  1142 |  1243 |   488 ||  3791
 Cast: Pain              |    38 |    37 |    11 |     7 |       |       |       |       ||    93
       Vampiric Draining |     1 |    41 |    64 |   202 |   334 |   123 |    22 |    30 ||   817
       Animate Dead      |       |       |     8 |    38 |    73 |    79 |    55 |    19 ||   272
       Shroud of Golubri |       |       |       |    10 |    10 |     1 |    10 |     6 ||    37
       Blink             |       |       |       |     1 |       |       |     2 |     6 ||     9
       Borgnjor's Vile C |       |       |       |     3 |     1 |       |       |       ||     4
       Song of Slaying   |       |       |       |       |       |     2 |    16 |     1 ||    19
       Deflect Missiles  |       |       |       |       |       |       |       |     3 ||     3
Invok: Minor Destruction |       |       |       |   113 |    93 |    51 |    24 |    19 ||   300
       Lesser Servant of |       |       |       |     9 |    16 |    12 |     4 |     6 ||    47
       Major Destruction |       |       |       |       |       |     3 |       |     2 ||     5
 Abil: Heal Wounds       |       |       |     1 |     6 |     3 |     2 |       |     1 ||    13
Evoke: Wand              |       |       |     8 |    19 |    28 |     6 |     2 |     5 ||    68
       Phantom mirror    |       |       |       |       |     1 |       |       |       ||     1
       Lightning rod     |       |       |       |       |       |       |     4 |       ||     4
       Box of beasts     |       |       |       |       |       |       |       |     1 ||     1
  Use: Potion            |       |       |     9 |    10 |     7 |     1 |    14 |     7 ||    48
       Scroll            |       |       |    13 |    10 |    22 |    10 |    13 |    11 ||    79
 Stab: Sleeping          |       |       |     1 |     9 |    15 |     9 |    26 |     4 ||    64
       Paralysed         |       |       |       |    22 |     2 |       |       |       ||    24
       Distracted        |       |       |       |     2 |    14 |    23 |    14 |     9 ||    62
       Invisible         |       |       |       |     2 |       |       |       |       ||     2
       Confused          |       |       |       |       |       |       |       |     2 ||     2
  Eat: Chunk             |     3 |     9 |    15 |    26 |    23 |    17 |    24 |    11 ||   128
       Ration            |       |     1 |     2 |     3 |     8 |     6 |     2 |       ||    22
Armor: Robe              |     1 |     3 |    11 |       |       |       |       |       ||    15
       Ring mail         |       |    30 |   212 |       |   255 |   110 |       |       ||   607
       Leather armour    |       |       |    36 |   262 |   206 |       |       |       ||   504
       Scale mail        |       |       |       |    16 |       |   147 |   622 |   423 ||  1208
       Troll leather arm |       |       |       |     4 |       |       |       |       ||     4
       Plate armour      |       |       |       |       |   155 |  1048 |       |       ||  1203
Dodge: Dodged            |    17 |    63 |   346 |   463 |   801 |   792 |   816 |   472 ||  3770
       Deflected         |       |       |       |       |       |       |       |    13 ||    13
Block: Other             |       |       |       |       |    33 |   152 |    57 |    40 ||   282
       Reflection        |       |       |       |       |     3 |     7 |     6 |     2 ||    18
